 Dungeon Crawl Stone Soup version 0.18-a0-690-g014cd11 (webtiles) character file.

1279 Mindmaker the Covert (level 8, -2/56 HPs)
             Began as a Vampire Assassin on Dec 7, 2015.
             Was a Believer of Dithmenos.
             Slain by a centaur (10 damage)
             ... on level 6 of the Dungeon.
             The game lasted 00:21:36 (6662 turns).

Mindmaker the Covert (Vampire Assassin)             Turns: 6662, Time: 00:21:37

Health: -2/56      AC:  5    Str: 10    XL:     8   Next: 29%
Magic:  8/8        EV: 12    Int: 15    God:    Dithmenos [**....]
Gold:   241        SH:  0    Dex: 18    Spells: 0 memorised, 7 levels left

rFire  . . .     SeeInvis +     m - +0 short sword (speed)
rCold  + + .     Clarity  .     c - +0 robe
rNeg   + + +     SustAt   .     (no shield)
rPois  ∞         Gourm    .     p - +0 helmet
rElec  .         Spirit   .     d - +0 cloak
rCorr  .         Dismiss  .     (no gloves)
rMut   .         Stasis   .     (no boots)
MR     .....                    (no amulet)
Stlth  +++++++++.               (no ring)
                                (no ring)

@: bloodless, non-regenerating, wreathed by umbra, not resistant to hostile
enchantments, incredibly stealthy
A: fangs 3, molten scales 1, see invisible, clever 1, unbreathing, sturdy frame
1
a: Bat Form, Shadow Step, Renounce Religion


You were on level 6 of the Dungeon.
You worshipped Dithmenos.
Dithmenos was pleased with you.
You were bloodless.

You visited 2 branches of the dungeon, and saw 7 of its levels.

You collected 241 gold pieces.

Inventory:

Hand Weapons
 a - a +2 dagger
 b - a +0 blowgun
 m - a +0 short sword of speed (weapon)
 v - a +0 dagger of venom
Missiles
 e - 21 poisoned needles
 f - 2 curare-tipped needles
Armour
 c - a +0 robe (worn)
 d - a +0 cloak (worn)
 p - a +0 helmet (worn)
Jewellery
 k - an uncursed ring of teleportation
Wands
 g - a wand of teleportation (3)
Scrolls
 n - 7 scrolls of remove curse
 o - 6 scrolls of identify {unknown}
 r - a scroll of enchant armour {unknown}
 t - 2 scrolls of teleportation {unknown}
 u - a scroll of fog {unknown}
 w - 2 scrolls of magic mapping {unknown}
 x - a scroll of amnesia {unknown}
 y - 2 scrolls of random uselessness {unknown}
Potions
 h - a potion of haste
 i - 2 potions of curing


   Skills:
 - Level 2.0 Fighting
 - Level 4.0 Short Blades
 - Level 1.5 Throwing
 - Level 1.1 Dodging
 + Level 14.9 Stealth


You had 7 spell levels left.
You didn't know any spells.

Dungeon Overview and Level Annotations

Branches:
Dungeon (6/15)             Temple (1/1) D:4

Altars:
Cheibriados
Dithmenos
Elyvilon
Fedhas
Gozag
Kikubaaqudgha
Makhleb
Nemelex Xobeh
Okawaru
Pakellas
Qazlal
Ru
Sif Muna
Trog
Vehumet
Yredelemnul

Annotations:
D:4 AlfredTheGreat's ghost, amateur DrBe


Innate Abilities, Weirdness & Mutations

You do not heal naturally.
You are immune to poison.
You have razor-sharp teeth.
You have supernaturally acute eyesight.
You can survive without breathing.
You are partially covered in molten scales (AC +1).
Your mind is acute. (Int +2)
Your movements are slightly less encumbered by armour (ER -2).


Message History

You hit the centaur but do no damage.
The centaur is moderately wounded.
The centaur barely misses you. The adder bites you.
* * * LOW HITPOINT WARNING * * *
You hit the centaur.
The centaur is heavily wounded.
The centaur misses you.
You barely miss the centaur.
The centaur is heavily wounded.
The adder closely misses you. The centaur barely misses you.
You feel devoid of blood!
You hit the centaur.
The centaur is heavily wounded.
The centaur hits you.
* * * LOW HITPOINT WARNING * * *
The adder misses you.
You hit the centaur. Your bite misses the centaur.
The centaur is severely wounded.
The centaur hits you!
You die...

#.# #..#####
#.# #.......
#.# #.####.#
#.# #. #.#
#.####.# #.#
#######......#
#.#
#%.(....######
#.# #...###.#
#.# #S@.# #.#
#.#
#....c.....#
#.#
.............#
###?........##
####........
#...######
#...# ##..#


You could see a centaur and an adder.

Vanquished Creatures
  Edmund (D:5)
  A sky beast (D:6)
  An orc warrior (D:5)
  A phantom (D:4)
  A centaur (D:5)
  A giant frog (D:4)
  A scorpion (D:6)
  A giant frog zombie (D:5)
  A jelly (D:5)
  2 orc priests
  3 orc wizards
  5 hounds
  An iguana (D:4)
  A worker ant (D:4)
  3 gnolls (D:5)
  11 adders
  A shadow imp (D:5)
  2 oozes (D:2)
  4 worms
  2 adder zombies
  2 adder skeletons
  22 orcs
  10 bats
  8 giant cockroaches
  7 goblins
  8 hobgoblins
  2 quokkas
  3 ball pythons
  3 giant geckos
  A giant gecko skeleton (D:5)
  3 giant newts
  2 jackals (D:1)
  8 kobolds
  A quokka skeleton (D:5)
  10 rats
134 creatures vanquished.

Notes
Turn   | Place    | Note
--------------------------------------------------------------
     0 | D:1      | Mindmaker the Vampire Assassin began the quest for the Orb.
     0 | D:1      | Reached XP level 1. HP: 16/16 MP: 1/1
    13 | D:1      | Reached skill level 6 in Stealth
   288 | D:1      | Reached XP level 2. HP: 22/22 MP: 2/2
   559 | D:1      | Reached skill level 7 in Stealth
  1245 | D:2      | Reached XP level 3. HP: 25/27 MP: 3/3
  1417 | D:2      | Found a shadowy altar of Dithmenos.
  1426 | D:2      | Became a worshipper of Dithmenos the Shadowed
  2075 | D:3      | Reached XP level 4. HP: 33/33 MP: 4/4
  2284 | D:3      | Found a faded altar to an unknown god.
  2527 | D:3      | Reached * piety under Dithmenos
  2581 | D:3      | Found a deep blue altar of Sif Muna.
  3155 | D:3      | Reached skill level 8 in Stealth
  3155 | D:3      | Reached XP level 5. HP: 31/38 MP: 5/5
  3906 | D:4      | Found a staircase to the Ecumenical Temple.
  3917 | Temple   | Entered the Ecumenical Temple
  3998 | D:4      | Noticed AlfredTheGreat's ghost (amateur DrBe)
  4010 | D:4      | Noticed a phantom
  4014 | D:4      | Reached skill level 9 in Stealth
  4324 | D:4      | Killed a phantom
  4324 | D:4      | Reached skill level 10 in Stealth
  4324 | D:4      | Reached XP level 6. HP: 12/44 MP: 6/6
  4346 | D:4      | HP: 2/44 [giant frog (1)]
  4370 | D:4      | Gained mutation: Your movements are slightly less encumbered by armour (ER -2). [potion of mutation]
  4370 | D:4      | Gained mutation: Your mind is acute. (Int +2) [potion of mutation]
  4370 | D:4      | Gained mutation: You are partially covered in molten scales (AC +1). [potion of mutation]
  4483 | D:4      | Reached skill level 11 in Stealth
  4492 | D:4      | Reached ** piety under Dithmenos
  5326 | D:5      | Entered Level 5 of the Dungeon
  5330 | D:5      | Reached XP level 7. HP: 50/50 MP: 7/7
  5537 | D:5      | Reached skill level 12 in Stealth
  5682 | D:5      | Reached skill level 13 in Stealth
  6222 | D:5      | Found a basalt altar of Yredelemnul.
  6516 | D:5      | Noticed Edmund
  6518 | D:5      | Killed Edmund
  6518 | D:5      | Reached skill level 14 in Stealth
  6518 | D:5      | Reached XP level 8. HP: 56/56 MP: 8/8
  6662 | D:6      | Slain by a centaur

Vault maps used:
D:1:      saegor_arrival_simple_a
D:2:      grunt_dithmenos_smoke
D:3:      lemuel_blue_sif_altar, ecumenical_altar_2
D:4:      minmay_temple_entry_statues_pillars, first_bread
D:5:      kennysheep_mini, serial_glass, glass_columns_c, glass_columns_c,
          glass_columns_b, glass_columns_a, glass_columns_a, glass_columns_c,
          glass_columns_a, glass_columns_b, minmay_misc_feat_five, uniq_edmund
D:6:      serial_shops, shop, ashenzari_altar_1, uniq_duvessa
Temple:   nicolae_temple_god_jail

Action                   |  1- 3 |  4- 6 |  7- 9 || total
-------------------------+-------+-------+-------++-------
Melee: Dagger            |    79 |   102 |    85 ||   266
       Short sword       |    12 |   136 |    29 ||   177
 Fire: Blowgun           |       |    11 |       ||    11
  Use: Scroll            |     1 |     1 |       ||     2
       Potion            |       |     9 |     1 ||    10
 Stab: Sleeping          |    26 |    20 |    19 ||    65
       Distracted        |       |     1 |       ||     1
       Invisible         |       |       |     5 ||     5
  Eat: Corpse            |       |     2 |       ||     2
